Cogmind - Beta 12 @@@ ROGUE MODE // 2024.02.04 @ 16:50:47 Player: Tom Result: Destroyed by YI-UF0 with YI-UF0's Doublenader Performance ------------- Evolutions (1) 500 Regions Visited (3) 600 Robots Destroyed (27) 135 Value Destroyed (880) 880 Prototype IDs (1) 20 Alien Tech Used (0) 0 Bonus (185) 185 TOTAL SCORE: 2320 Bonus ------- Pacifist 200 Friendly Fire -15 Cogmind --------- Core Integrity 0/400 Matter 295/300 Energy 178/350 System Corruption 0% Temperature Cool (0) Movement Core (500) Ox9 Location -9/Mines Parts ------- > --- POWER (1) -------- (None) > --- PROPULSION (2) --- (None) > --- UTILITY (4) ------ Large Storage Unit Small Battery Medium Battery Seismic Detector > --- WEAPON (2) ------- Advanced EMP Blaster > --- INVENTORY (15) --- Ion Engine Ion Engine Light Ion Engine Light Ion Engine Weight Redist. System Recoil Stabilizer Field Laser Field Laser Field Laser Advanced EMP Blaster Advanced EMP Blaster Advanced EMP Blaster Peak State ------------ > --- POWER ------------ Improved Ion Engine > --- PROPULSION ------- Compact Wheel > --- UTILITY ---------- Large Storage Unit Small Battery Medium Battery Recoil Stabilizer > --- WEAPON ----------- Advanced EMP Blaster Advanced EMP Blaster > --- INVENTORY -------- Ion Engine Ion Engine Light Ion Engine Light Ion Engine Medium Laser Medium Laser Small Laser Field Laser Field Laser Field Laser Field Laser Advanced EMP Blaster Advanced EMP Blaster [Rating: 19] Favorites ----------- Power Improved Ion Engine Engine Improved Ion Engine Propulsion Compact Wheel Wheel Compact Wheel Hover Unit Hover Unit Utility Small Battery Device Seismic Detector Storage Small Battery Weapon Medium Laser Energy Gun Medium Laser Ballistic Gun Assault Rifle Launcher Advanced EMP Blaster Build | -11 -10 -9 -9 ------- Run | Jun Mat Mat Min Slots Evolved 2 | . . 2 . Power . | . . . . Propulsion . | . . . . Utility 2 | . . 2 . Weapon . | . . . . Parts Attached 34 | 8 1 24 1 Power 6 | 3 . 3 . Engine 6 | 3 . 3 . Core . | . . . . Reactor . | . . . . Propulsion 9 | 2 . 6 1 Treads . | . . . . Leg . | . . . . Wheel 5 | 2 . 2 1 Hover 4 | . . 4 . Flight . | . . . . Utility 10 | 1 1 8 . Device 5 | . . 5 . Storage 5 | 1 1 3 . Processor . | . . . . Hackware . | . . . . Protection . | . . . . Artifact . | . . . . Weapon 9 | 2 . 7 . Energy Gun 6 | 2 . 4 . Energy Cannon . | . . . . Ballistic Gun 1 | . . 1 . Ballistic Cannon . | . . . . Launcher 2 | . . 2 . Special Weapon . | . . . . Impact Weapon . | . . . . Slashing Weapon . | . . . . Piercing Weapon . | . . . . Special Melee Weapon . | . . . . Unidentified Prototypes 1 | . . 1 . Parts Lost 13 | . . 9 4 Power 2 | . . 1 1 Propulsion 4 | . . 2 2 Utility 3 | . . 3 . Weapon 4 | . . 3 1 Highest Loss Streak 7 | . . 7 4 To Critical Strikes . | . . . . Average Slot Usage (%) 87 | . 95 85 88 Engine 10 | . 14 10 10 Wheel 13 | . 28 11 11 Hover 2 | . . 3 . Device 9 | . . 11 11 Storage 27 | . 23 26 33 Energy Gun 16 | . 28 17 11 Launcher 5 | . . 3 11 Naked Turns . | . . . . Heaviest Build 40 | 14 13 40 40 Greatest Support 32 | 26 26 32 26 Greatest Overweight (x) 3 | . . 3 2 Average Overweight (x) 1 | . . . 1 Largest Inventory Capacity 15 | 8 8 15 15 Average Capacity 11 | 7 8 10 15 Most Carried 15 | 2 3 15 14 Average Carried 8 | . 2 8 12 Final Capacity 15 | 8 8 15 15 Final Carried 15 | 2 2 15 12 Class Distribution -------------------- 91% | Mutant 8% | Scavenger-Mutant Dominant Class ---------------- Mutant | -10/Materials Mutant | -9/Materials Mutant | -9/Mines Resources | -11 -10 -9 -9 ----------- Run | Jun Mat Mat Min Matter Collected 569 | 107 . 437 25 Remotely . | . . . . Salvage Created 1130 | . . 929 201 Parts 53 | . . 44 9 Haulers Intercepted 1 | . . 1 . Recyclers Shooed 1 | . . 1 . Parts Field Recycled . | . . . . Retrieved Matter . | . . . . Parts Self-Destructed . | . . . . Prevented . | . . . . Kills | -11 -10 -9 -9 ------- Run | Jun Mat Mat Min Combat Hostiles Destroyed 23 | . . 18 5 Guns 13 | . . 13 . AOE 10 | . . 5 5 Classes Destroyed 7 | . . 5 2 Hauler 1 | . . 1 . Recycler 1 | . . . 1 Watcher 2 | . . 2 . Swarmer 4 | . . . 4 Grunt 15 | . . 14 1 Brawler 1 | . . 1 . Sentry 3 | . . 3 . Best Kill Streak 5 | . . 3 5 Combat Bots Only 4 | . . 3 4 Max Kills in Single Turn 3 | . . 1 3 Gunslinging . | . . . . Exploded 2 | . . 1 2 Melee . | . . . . Uniques/NPCs Destroyed . | . . . . Combat | -11 -10 -9 -9 -------- Run | Jun Mat Mat Min Damage Taken 1343 | . . 935 408 Core 400 | . . 247 153 Absorbed by Shields 167 | . . 167 . Core Remaining (%) 100 | 100 100 . . Volleys Fired 85 | . . 79 6 Largest 2 | . . 2 2 Hottest 100 | . . 100 99 Shots Fired 160 | . . 149 11 Gun 145 | . . 140 5 Cannon . | . . . . Launcher 15 | . . 9 6 Special . | . . . . Kinetic 9 | . . 9 . Thermal 96 | . . 91 5 Explosive . | . . . . Electromagnetic 55 | . . 49 6 Robot Hit Streak 11 | . . 11 3 Robot Miss Streak 3 | . . 3 1 Penetration Max . | . . . . Secondary Targets 5 | . . 5 . Max Gunslinging Chain 1 | . . 1 . Shots Hit Robots 101 | . . 96 5 Core Hits 48 | . . 41 7 Critical Kills . | . . . . Critical Parts Destroyed . | . . . . Critical Strikes 4 | . . 4 . Burn 2 | . . 2 . Corrupt 2 | . . 2 . Melee Attacks . | . . . . Impact . | . . . . Slashing . | . . . . Piercing . | . . . . Sneak Attacks . | . . . . Combat Hostiles . | . . . . Follow-up Attacks . | . . . . Damage Inflicted 1893 | . . 1598 295 Guns 1242 | . . 1207 35 Cannons . | . . . . Explosions 645 | . . 386 259 Melee . | . . . . Ramming 6 | . . 5 1 Kinetic 111 | . . 111 . Thermal 993 | . . 958 35 Explosive . | . . . . Electromagnetic 783 | . . 524 259 Impact . | . . . . Slashing . | . . . . Piercing . | . . . . Highest Corruption 1 | . 1 . . Average Corruption 1 | . 1 . . Corruption Purged . | . . . . Corruption Blocked . | . . . . Overload Shots . | . . . . Overflow Damage . | . . . . Projectiles . | . . . . Explosions . | . . . . Melee . | . . . . Knockbacks . | . . . . Impact . | . . . . Kinetic . | . . . . Secondary . | . . . . Self-Inflicted Damage 66 | . . 28 38 Shots 4 | . . 2 2 Rammed 2 | . . 1 1 Targets Rammed 2 | . . 1 1 Kicked . | . . . . Crushed . | . . . . Highest Temperature 256 | . . 256 66 Average Temperature 74 | . . 78 25 Received Heat Transfer 491 | . . 491 . Siege Activations . | . . . . Robots Corrupted . | . . . . Combat Hostiles . | . . . . Parts Fried 1 | . . 1 . Impact Corruptions . | . . . . Robots Melted . | . . . . Combat Hostiles . | . . . . Parts Melted 7 | . . 7 . Heat Transferred 2740 | . . 2666 74 Parts Sabotaged . | . . . . Parts Stolen . | . . . . Parts Stripped . | . . . . Power Chain Reactions 5 | . . 5 . Missiles Intercepted . | . . . . Alert | -11 -10 -9 -9 ------- Run | Jun Mat Mat Min Peak Influence 345 | . 15 345 285 Initial 80 | . . 5 80 Average 157 | . . 205 127 Maximum Alert Level 1 | . . 1 1 Low Security (%) 68 | 100 100 55 82 Level 1 31 | . . 44 17 Level 2 . | . . . . Level 3 . | . . . . Level 4 . | . . . . Level 5 . | . . . . High Security . | . . . . Max Security . | . . . . Squads Dispatched 2 | . . 2 . Investigation . | . . . . Extermination . | . . . . Reinforcement 2 | . . 2 . Assault . | . . . . Garrison . | . . . . Intercept . | . . . . Searches Triggered . | . . . . Construction Impeded . | . . . . Haulers Reinforced . | . . . . Active Scanning Responses . | . . . . Cargo Convoy Interrupts . | . . . . Stealth | -11 -10 -9 -9 --------- Run | Jun Mat Mat Min Distress Signals 1 | . . 1 . Communications Jammed . | . . . . Distress Signals . | . . . . Times Spotted 40 | . 1 33 6 Peak Tracking Total 6 | . 1 6 4 Tactical Retreats 1 | . . 1 . Traps | -11 -10 -9 -9 ------- Run | Jun Mat Mat Min Traps Triggered 1 | . 1 . . Indirectly . | . . . . Trap Hack Attempts . | . . . . Triggered . | . . . . Disarmed . | . . . . Reprogrammed . | . . . . Reused . | . . . . Traps Extracted . | . . . . Installed . | . . . . Triggered . | . . . . Machines | -11 -10 -9 -9 ---------- Run | Jun Mat Mat Min Machines Disabled 8 | . . 2 6 Max in Single Turn 6 | . . 1 6 Machines Repaired . | . . . . Machines Sabotaged . | . . . . Overloaded Fab Kills . | . . . . Hacking | -11 -10 -9 -9 --------- Run | Jun Mat Mat Min Machines Accessed 4 | . 2 2 . Terminals 4 | . 2 2 . Fabricators . | . . . . Repair Stations . | . . . . Recycling Units . | . . . . Scanalyzers . | . . . . Garrison Access . | . . . . Total Hacks 11 | . 4 7 . Successful 7 | . 3 4 . Failed 4 | . 1 3 . Catastrophic . | . . . . Database Lockouts . | . . . . Manual . | . . . . Terminals 11 | . 4 7 . Fabricators . | . . . . Repair Stations . | . . . . Recycling Units . | . . . . Scanalyzers . | . . . . Garrison Access . | . . . . Terminal Hacks 7 | . 3 4 . Record 2 | . 2 . . Emergency Access Points 1 | . . 1 . Alert Level 1 | . . 1 . Locate Traps 1 | . . 1 . Dispatch Records 1 | . 1 . . Zone Layout 1 | . . 1 . Fabricator Hacks . | . . . . Repair Station Hacks . | . . . . Recycling Unit Hacks . | . . . . Scanalyzer . | . . . . Garrison Access Hacks . | . . . . Unauthorized Hacks . | . . . . Terminals . | . . . . Fabricators . | . . . . Repair Stations . | . . . . Recycling Units . | . . . . Scanalyzers . | . . . . Garrison Access . | . . . . Data Cores Recovered . | . . . . Used . | . . . . Hacking Detections 3 | . 2 1 . Full Trace Events 1 | . 1 . . Feedback Events . | . . . . Feedback Blocked . | . . . . Robot Schematics Acquired . | . . . . Robots Built . | . . . . Authchips . | . . . . Time . | . . . . Total Robot Build Rating . | . . . . Part Schematics Acquired . | . . . . Parts Built . | . . . . Authchips . | . . . . Time . | . . . . Total Part Build Rating . | . . . . Parts Repaired . | . . . . Time . | . . . . Parts Recycled . | . . . . Recycled Matter . | . . . . Retrieved Matter . | . . . . Retrieved Components . | . . . . Parts Scanalyzed . | . . . . Part Schematics Acquired . | . . . . Parts Damaged . | . . . . Bothacking | -11 -10 -9 -9 ------------ Run | Jun Mat Mat Min Used RIF Installer . | . . . . Robots Hacked . | . . . . Non-combat . | . . . . Combat . | . . . . Robot Hacks Applied . | . . . . Relay Couplers Released . | . . . . Fabnet Peak Effective % . | . . . . Robots Rewired . | . . . . Allies Hacked . | . . . . Hacks Repelled . | . . . . Allies | -11 -10 -9 -9 -------- Run | Jun Mat Mat Min Total Allies . | . . . . Largest Group . | . . . . Highest-Rated Group . | . . . . Highest-Rated Ally . | . . . . Total Orders . | . . . . Ally Attacks . | . . . . Total Damage . | . . . . Kills . | . . . . Allies Corrupted . | . . . . Allies Melted . | . . . . Intel | -11 -10 -9 -9 ------- Run | Jun Mat Mat Min Robot Analysis Total . | . . . . Derelict Logs Recovered . | . . . . Drone Launches . | . . . . Drone Recoveries . | . . . . Exploration | -11 -10 -9 -9 ------------- Run | Jun Mat Mat Min Turns Passed 1337 | 55 133 822 327 Spaces Moved 909 | 48 146 479 236 Core 14 | 3 . 11 . Treads . | . . . . Legs . | . . . . Wheels 824 | 45 146 397 236 Hover 71 | . . 71 . Flight . | . . . . Fastest Speed 50 | 50 90 90 105 Average Speed 111 | 87 90 111 129 Slowest Speed 245 | 90 90 245 130 Overloaded Moves . | . . . . Propulsion Burnouts . | . . . . Robots Hopped . | . . . . Cave-ins Triggered . | . . . . Exploration Rate (%) 34 | 4 36 44 53 Regions Visited 3 Branch Regions 1 Pre-discovered Areas 1 | . . . 1 Known Exits Taken . | . . . . Unknown Exits Taken 3 | 1 1 1 . Scrap Searched . | . . . . Spaces Dug . | . . . . Terrain Destroyed 19 | . . 19 . Melee . | . . . . Projectile . | . . . . AOE 19 | . . 19 . Terrain Rammed . | . . . . Walls Destroyed . | . . . . Machines Disabled . | . . . . Actions | -11 -10 -9 -9 --------- Run | Jun Mat Mat Min Total 1065 | 56 147 614 248 Wait 3 | . . 3 . Move 906 | 47 145 478 236 Hop . | . . . . Pick Up 28 | 1 1 25 1 Fast Attach 7 | 6 . 1 . Attach 13 | . 1 11 1 Detach . | . . . . Swap 14 | 2 . 12 . Drop 7 | . . 4 3 Fire 85 | . . 79 6 Melee . | . . . . Ram 2 | . . 1 1 Kick . | . . . . Crush . | . . . . Escape Stasis . | . . . . Rewire . | . . . . Trap . | . . . . Miscellaneous . | . . . . Route ------- -11/Junkyard -10/Materials -9/Materials -9/Mines History --------- Turn | Location | Event 24 | -11/Junkyard | Discovered new exit (range 15) 56 | -11/Junkyard | Entered Materials 158 | -10/Materials | Discovered new exit (range 3) 189 | -10/Materials | Entered another Materials area 189 | -9/Materials | Evolved 2 slots: Utility x2 308 | -9/Materials | Build established: Mutant 557 | -9/Materials | Discovered new exit (range 8) 643 | -9/Materials | Core integrity fell below 50% 679 | -9/Materials | Lost 7 parts (1p2n2u2w) 1011 | -9/Materials | Entered Mines 1012 | -9/Mines | Learned location of Storage (-8) 1014 | -9/Mines | Assembled infested the area 1019 | -9/Mines | Assisted by a Guerilla fighting off Assembled 1333 | -9/Mines | Core integrity fell below 20% 1338 | -9/Mines | Destroyed by YI-UF0 with YI-UF0's Doublenader Last Messages --------------- 01281_ S-10 Pest destroyed. 01284_ R-06 Scavenger destroyed. 01284_ S-10 Pest destroyed. 01287_ Acquired 4 matter. 01288_ Acquired 6 matter. 01318_ U-05 Engineer lays Concrete. 01319_ U-05 Engineer builds a Wall. 01322_ Acquired Wheel. 01324_ U-05 Engineer builds a Wall. 01326_ Imp. Ion Engine destroyed. 01332_ The unstable cave ceiling collapses. 01332_ Field Laser destroyed. 01332_ U-05 Engineer destroyed. 01333_ K-01 Serf collects debris. 01334_ U-05 Engineer lays Concrete. 01335_ U-05 Engineer builds a Wall. 01336_ Com. Wheel destroyed. 01337_ The unstable cave ceiling collapses. 01337_ R-06 Scavenger collects Terrain Scanner. 01338_ Wheel destroyed. Map ----- +----------------------------------------------------+ | | | | | | | | | | | | | ??????????????#??????????????????????? | | ?????????????? ????????????????????? | | ????????????## ?????????????####### | | ??????????## ?????????????# | | ?????????## ?????????????# """ " | | ????????## ???????????### """ " | | ????????# g ???????????? " | | ????????# ??????????????# | | ???????## ???????????#### * | | ??????## ??????????? ## =% | | ?????## #???????????# ## %== | | ?????# ##??????????# ## =%%% | | ?????# #??????????# #####= # | | ?????# ##??????#### #### [[ | | ????## ####??## | | ???## # #### % | | ???# ## ##### | | ???# #???## | | ???## # #????## | | ????## #@ ## #?????## | | ?????## ### #?????##% | | ?????# # #?### ##?????# * | | ?????##??# ###???######?????## | | ???????? # #u ?????????????#### | | ??????? t t ????###????## | | ?????? r ??## ##?## | | ???? k#### ### | | ???? ##?# | | ??? ### ##??# | | ??## #??## ##???## | | ???##?????### #?????#### | | ????????????#% ????????## | | ????????????? !#?????????# | | ?????????????r ????####??## ### | | ?????????????% ???## ##??## ##?## | | ?????????????????## ##??#####???# | | ????????????????## #??????????# | | ????????????????# ##?????????# | | ????????????????# #????????## | | ???????????????## ##??###### | | ??????????????## #### | | ???????????#### ## | | ????????#### ## | | ????????# ##? | +----------------------------------------------------+ Best States ------------- Heat Dissipation 38 Energy Generation 12 Energy Capacity 515 Matter Stores 300 Matter Capacity 300 Sight Range 16 Terrain Scan Density 10 Additional Mass Support 6 Evasion (%) 42 Recoil Reduction 4 Item Schematics ----------------- None Robot Schematics ------------------ None Fabricated ------------ Nothing Alien Tech Used ----------------- None Achievements -------------- None Challenges ------------ None Game ------ Seed ShieldTerrainSabre Manual? 0 Play Time 00:15:55 Cumulative 12.2 hours Start 2024.02.04 @ 16:25:13 End 2024.02.04 @ 16:50:47 Sessions 2 Manual Loads 0 Difficulty Rogue Special Mode None Game No. 14 Rogue 7 Adventurer 7 Explorer 0 Win Type - Total 0 Types 0/0/0/0/0/0/0/0/0 Lore% 18 Gallery% 25 Achievement% 17 Wizard Run 0 Options --------- ASCII 0 Keyboard 0 Movement Mouse Keybinds 0 Fullscreen 2 Font 24/Smallcaps Map View 113x50 Tactical HUD 1 Map Filters NONE Filters NONE Steam 1 RUN: f7706040-39dc-4651-9b5e-50c1a340ed2b